cohdb
Replays
Latest Replays
All Replays
Popular Replays
Top Player Replays
Match Explorer
How It Works
Community
CoH3 Stats
Reddit
Sign in to upload your games and track your stats! →
Sign in with Steam
Match 41545887
Unlisted
Match 41545887
Overview
Messages
Build Orders
End
Construct Barracks
Riflemen Squad
Riflemen Squad
M1 Mortar Team
Grenade Package
Riflemen Squad
Infantry Support Center
Selects Advanced Infantry Battlegroup
Selects Convert to Ranger Squad
Riflemen Squad
Convert to Ranger Squad
Construct Tank Depot
Selects Frontline Medical Station
Frontline Medical Station
M18 Hellcat Tank Destroyer
Frontline Medical Station
Selects Infantry Assault
Infantry Assault
Engineer Squad
Advanced Logistics
Selects Ammunition Storage
Selects M2A1 105mm Howitzer Emplacement
Infantry Assault
Selects Free Fire Drills
Infantry Assault
Infantry Assault
Take care of yourself
ma2sin
Fank
Knightz
DaRtH VaDeRX2020
majintal excumuration
el campo
Komrad Dyatlov
0
0
Comments
sign in to comment!
No comments posted yet!